 Dungeon Crawl Stone Soup version 0.19.0-24-gb05acd6 (webtiles) character file.

1031 ChaseSP the Changer (level 8, -4/37 HPs)
             Began as a Vine Stalker Transmuter on Nov 22, 2016.
             Slain by a wyvern skeleton (8 damage)
             ... on level 6 of the Dungeon.
             The game lasted 00:12:45 (6222 turns).

ChaseSP the Changer (Vine Stalker Transmuter)       Turns: 6222, Time: 00:12:46

Health: -4/37      AC:  2    Str: 15    XL:     8   Next: 23%
Magic:  0/12       EV: 19    Int: 13    God:
Gold:   227        SH:  0    Dex: 20    Spells: 4 memorised, 1 level left

rFire  . . .     SeeInvis .       - Unarmed
rCold  . . .     Gourm    .     (armour currently unavailable)
rNeg   . . .     Faith    .     (shield currently unavailable)
rPois  x         Spirit   +     (helmet currently unavailable)
rElec  .         Reflect  .     (cloak currently unavailable)
rCorr  .         Harm     .     (gloves currently unavailable)
MR     +....                    (boots currently unavailable)
Stlth  ++........               (no amulet)
                                (no ring)
                                (no ring)

@: spider-form
A: (antennae 0), (fangs 0), (iridescent scales 0), (yellow scales 0), blurry
vision 1, (cold resistance 0), (poison resistance), regeneration 1, magic
shield, (antimagic bite), no device heal 3, rot immunity
a: End Transformation


You were on level 6 of the Dungeon.
You were hungry.
You were a venomous arachnid creature.
You visited 1 branch of the dungeon, and saw 6 of its levels.
You also visited: Sewer.

You collected 227 gold pieces.

Inventory:

Missiles
 a - 47 arrows
Armour
 j - a +0 pair of gloves (melded)
 l - a +1 cloak (melded)
 r - a +0 leather armour (melded)
 x - a +0 scale mail
 y - a +0 pair of boots (melded)
Jewellery
 B - an uncursed amulet of harm {unknown}
Wands
 t - a wand of digging (9/24)
Scrolls
 h - a scroll of amnesia
 p - 2 scrolls of teleportation {unknown}
 u - a scroll of magic mapping {unknown}
 z - 3 scrolls of brand weapon {unknown}
 A - a scroll of remove curse
Potions
 b - 2 potions of magic {unknown}
 e - 4 potions of heal wounds {unknown}
 f - a potion of flight {unknown}
 k - a potion of cure mutation {unknown}
 n - a potion of curing {unknown}
 o - a potion of brilliance {unknown}
 q - 2 potions of lignification {unknown}
 s - a potion of resistance {unknown}
 v - 4 potions of haste {unknown}
 w - a potion of ambrosia {unknown}
Books
 c - a book of Changes

   Spells                             Type                      Level
   a - Beastly Appendage              Transmutation                1
   b - Sticks to Snakes               Transmutation                2
   c - Spider Form                    Transmutation/Poison         3
   d - Ice Form                       Ice/Transmutation            4
   e - Blade Hands                    Transmutation                5
Comestibles
 d - 4 bread rations
 g - 4 royal jellies
 i - 8 fruits
 m - 3 slices of pizza


   Skills:
 - Level 1.3 Fighting
 + Level 1.9 Armour
 - Level 1.5 Dodging
 + Level 4.2 Unarmed Combat
 - Level 2.1 Spellcasting
 * Level 6.6 Transmutations
 * Level 2.9 Ice Magic
 - Level 4.0 Poison Magic


You had one spell level left.
You knew the following spells:

 Your Spells              Type           Power        Failure   Level  Hunger
a - Beastly Appendage     Tmut           ###...       6%          1    ##.....
b - Sticks to Snakes      Tmut           ###.....     10%         2    ###....
c - Spider Form           Tmut/Pois      ###.......   28%         3    ####...
d - Ice Form              Ice/Tmut       ##......     61%         4    #####..


Dungeon Overview and Level Annotations

Branches:
Dungeon (6/15)
 Temple: D:4-7

Altars:
Cheibriados
Elyvilon
Fedhas
Nemelex Xobeh
Uskayaw
Vehumet
Yredelemnul

Shops:
D:4 (   D:5 %


Innate Abilities, Weirdness & Mutations

((You have razor-sharp teeth.))
Your natural rate of healing is unusually fast.
When hurt, damage is shared between your health and your magic reserves.
((Your bite disrupts and absorbs the magic of your enemies.))
Potions and wands cannot restore your health.
You are immune to rotting.
((You have a pair of small antennae on your head.))
((You are partially covered in iridescent scales. (AC +2)))
((You are partially covered in yellow scales. (AC +2)))
Scrolls take you a little longer to read.
((Your flesh is cold resistant. (rC+)))
((Your system is resistant to poisons. (rPois)))


Message History

You hit the wyvern skeleton.
The wyvern skeleton is lightly damaged.
The wyvern skeleton misses you.
You hit the wyvern skeleton.
The wyvern skeleton is lightly damaged.
The wyvern skeleton barely misses you.
You hit the wyvern skeleton.
The wyvern skeleton is moderately damaged.
The wyvern skeleton closely misses you.
You hit the wyvern skeleton.
The wyvern skeleton is heavily damaged.
The wyvern skeleton bites you!
* * * LOW HITPOINT WARNING * * *
You are too injured to fight recklessly!
The wyvern skeleton completely misses you.
There is a stone staircase leading up here.
You hit the wyvern skeleton but do no damage.
The wyvern skeleton is heavily damaged.
The wyvern skeleton bites you!
You die...

#########
........###
..........###
............#
.........Zs.#
............#
............#
............#
###........##
########.#
###


You could see a wyvern skeleton.

Vanquished Creatures
  Grinder (D:3)
  An ice beast (D:5)
  A sky beast (D:6)
  A centaur (D:5)
  A bullfrog (D:6)
  An orc priest (D:5)
  2 hounds
  An orc wizard (D:3)
  Crazy Yiuf (D:3)
  2 centaur skeletons (D:4)
  2 worker ants (D:4)
  A hound skeleton (D:5)
  A worker ant zombie (D:5)
  6 gnolls (D:3)
  3 adders
  2 river rats (Sewer)
  2 shadow imps (D:5)
  2 oozes (D:2)
  2 adder zombies (D:5)
  An adder skeleton (D:5)
  2 worms (D:4)
  5 dart slugs
  A leopard gecko (D:5)
  8 orcs
  6 bats
  6 giant cockroaches
  8 goblins
  5 hobgoblins
  6 jackals
  2 quokkas
  6 ball pythons
  9 frilled lizards
  12 kobolds
  16 rats
126 creatures vanquished.

Notes
Turn   | Place    | Note
-------+----------+-------------------------------------------
     0 | D:1      | ChaseSP the Vine Stalker Transmuter began the quest for the Orb.
     0 | D:1      | Reached XP level 1. HP: 9/9 MP: 4/4
   399 | D:1      | Reached XP level 2. HP: 14/14 MP: 6/6
   738 | D:1      | Reached skill level 3 in Transmutations
   758 | D:1      | Learned a level 2 spell: Sticks to Snakes
  1102 | D:1      | Reached XP level 3. HP: 17/17 MP: 7/7
  1225 | D:1      | Learned a level 3 spell: Spider Form
  1487 | D:2      | Found a snail-covered altar of Cheibriados.
  1502 | D:2      | Found a basalt altar of Yredelemnul.
  1564 | D:2      | Reached skill level 1 in Poison Magic
  1777 | D:2      | Gained mutation: Your natural rate of healing is unusually fast. [Vine Stalker growth]
  1777 | D:2      | Reached XP level 4. HP: 16/21 MP: 8/8
  1783 | D:2      | Found a sparkling altar of Nemelex Xobeh.
  1855 | D:2      | Gained mutation: Your system is resistant to poisons. (rPois) [potion of mutation]
  1855 | D:2      | Gained mutation: You tend to lose your temper in combat. [potion of mutation]
  1855 | D:2      | Gained mutation: You have a pair of small antennae on your head. [potion of mutation]
  1856 | D:2      | Gained mutation: Scrolls take you a little longer to read. [potion of mutation]
  1856 | D:2      | Gained mutation: You are partially covered in iridescent scales. (AC +2) [potion of mutation]
  1857 | D:2      | Gained mutation: Your flesh is cold resistant. (rC+) [potion of mutation]
  1857 | D:2      | Gained mutation: You are partially covered in yellow scales. (AC +2) [potion of mutation]
  1857 | D:2      | Lost mutation: You tend to lose your temper in combat. [potion of mutation]
  1970 | D:2      | Found a blossoming altar of Fedhas.
  2033 | D:2      | Found a faded altar of an unknown god.
  2171 | D:3      | Found a white marble altar of Elyvilon.
  2375 | D:3      | Found a hide-covered altar of Uskayaw.
  2403 | D:3      | Reached skill level 4 in Transmutations
  2481 | D:3      | Reached XP level 5. HP: 14/25 MP: 4/9
  2549 | D:3      | Noticed Grinder
  2558 | D:3      | Paralysed by Grinder for 6 turns
  2573 | D:3      | Killed Grinder
  2573 | D:3      | Reached skill level 5 in Transmutations
  2573 | D:3      | Reached XP level 6. HP: 9/29 MP: 2/10
  2692 | D:3      | Reached skill level 1 in Fighting
  2966 | D:3      | Found a runed door.
  3350 | D:3      | Noticed Crazy Yiuf
  3370 | D:3      | Killed Crazy Yiuf
  3370 | D:3      | Reached XP level 7. HP: 26/33 MP: 4/11
  3505 | D:4      | Found Rotwyp's Weapon Shop.
  3638 | D:4      | Found a glowing drain.
  3658 | Sewer    | Entered a sewer
  3842 | Sewer    | Reached skill level 1 in Armour
  4933 | D:5      | Entered Level 5 of the Dungeon
  4960 | D:5      | Reached skill level 6 in Transmutations
  5064 | D:5      | Learned a level 4 spell: Ice Form
  5156 | D:5      | Reached skill level 1 in Ice Magic
  5245 | D:5      | Found a radiant altar of Vehumet.
  5889 | D:5      | Gained mutation: You have razor-sharp teeth. [Vine Stalker growth]
  5889 | D:5      | Reached XP level 8. HP: 26/37 MP: 12/12
  6004 | D:5      | Found Wettexaupp's Food Boutique.
  6222 | D:6      | Slain by a wyvern skeleton

Skill      XL: |  1  2  3  4  5  6  7 |
---------------+----------------------+-----
Transmutations | 3 4 5 6 |  6.6
Poison Magic   | 1 2 4 |  4.0
Fighting       | 1 |  1.3
Armour         | 1 |  1.9
Ice Magic      | 2 |  2.9
Unarmed Combat | 4 |  4.2
Dodging        | |  1.5
Spellcasting   | |  2.1

Action                   |  1- 3 |  4- 6 |  7- 9 || total
-------------------------+-------+-------+-------++-------
Melee: Unarmed           |   144 |   179 |   239 ||   562
       Bite              |    28 |    42 |    70 ||   140
       Headbutt          |     4 |       |       ||     4
       Punch             |     1 |     4 |     2 ||     7
       Kick              |       |    10 |    12 ||    22
 Cast: Beastly Appendage |     3 |     3 |     4 ||    10
       Spider Form       |       |     6 |     3 ||     9
       Sticks to Snakes  |       |     4 |     1 ||     5
Evoke: Wand              |       |       |     2 ||     2
  Use: Potion            |       |     4 |       ||     4
       Scroll            |       |     2 |     3 ||     5
 Stab: Sleeping          |     1 |     1 |       ||     2
  Eat: Chunk             |     3 |     6 |     8 ||    17
       Beef jerky        |       |       |     1 ||     1
Armor: Robe              |    46 |       |       ||    46
       Leather armour    |     7 |    59 |    75 ||   141
       Skin              |       |     1 |     1 ||     2
Dodge: Dodged            |    95 |   116 |   122 ||   333
